 Dungeon Crawl Stone Soup version 0.22-a0-247-gbddf880 (webtiles) character file.

1192 tsouns the Chopper (level 8, 0/49 HPs)
             Began as an Octopode Fighter on Feb 26, 2018.
             Was a Follower of Hepliaklqana.
             Killed by vampiric draining
             ... invoked by confidenceinterval's ghost
              (10 damage)
             ... on level 6 of the Dungeon.
             The game lasted 00:13:19 (4889 turns).

tsouns the Chopper (Octopode Fighter)               Turns: 4889, Time: 00:13:20

Health: 0/49       AC:  1    Str: 20    XL:     8   Next: 43%
Magic:  8/8        EV: 13    Int: 12    God:    Hepliaklqana [*.....]
Gold:   153        SH: 11    Dex: 12    Spells: 2/7 levels left

rFire    . . .     SeeInvis .   a - +0 war axe
rCold    . . .     Gourm    .   b - +1 shield
rNeg     . . .     Faith    .   (helmet restricted)
rPois    .         Spirit   .   (no amulet)
rElec    .         Reflect  .   o - ring of wizardry
rCorr    +         Harm     .   u - ring of resist corrosion
MR       .....                  (no ring)
Stlth    +++.......             (no ring)
HPRegen  0.16/turn              (no ring)
MPRegen  0.11/turn              (no ring)
                                (no ring)
                                (no ring)

@: mighty, very slightly contaminated, invisible
A: almost no armour, stealthy swim, amphibious, 8 rings, constrict 8, reduced
essence, camouflage 1, gelatinous body 1
a: Recall Ancestor, Ancestor Identity, Renounce Religion


You were on level 6 of the Dungeon.
You worshipped Hepliaklqana.
Hepliaklqana was aware of your devotion.
You were not hungry.

You visited 1 branch of the dungeon, and saw 6 of its levels.

You collected 279 gold pieces.
You spent 126 gold pieces at shops.

Inventory:

Hand Weapons
 a - a +0 war axe (weapon)
Missiles
 i - 154 stones (quivered)
 m - 3 tomahawks
 n - 58 sling bullets
 p - a throwing net
Armour
 b - a +1 shield (worn)
Jewellery
 o - a ring of wizardry (left tentacle)
 u - a ring of resist corrosion (right tentacle)
Wands
 f - a wand of paralysis (16)
 q - a wand of polymorph (16)
Scrolls
 g - 2 scrolls of fear
 j - 2 scrolls of remove curse
 k - a scroll of blinking
 r - a scroll of teleportation
 t - a scroll of magic mapping
Potions
 c - a potion of might
 e - a potion of magic
 l - a potion of lignification
 s - a potion of brilliance
 v - a potion of flight
 w - a potion of cancellation
Comestibles
 d - 6 rations


   Skills:
 + Level 5.1 Fighting
 + Level 6.7 Axes
 + Level 0.4 Throwing
 + Level 4.1 Dodging
 + Level 4.1 Stealth
 + Level 5.1 Shields
 + Level 0.2 Evocations


You had 2 spell levels left.
You knew the following spells:

 Your Spells              Type           Power        Failure   Level  Hunger
a - Magic Dart            Conj           #...         41%         1    ##.....
b - Blink                 Tloc           N/A          54%         2    ###....
c - Call Imp              Summ           #.......     54%         2    ###....


Dungeon Overview and Level Annotations

Branches:
Dungeon (6/15)
 Temple: D:4-7

Altars:
Hepliaklqana
Qazlal
Vehumet
Yredelemnul
The Shining One

Shops:
D:4 ?

Annotations:
D:2 1 runed door
D:3 1 runed door
D:6 confidenceinterval's ghost, novice DDNe


Innate Abilities, Weirdness & Mutations

You cannot wear most types of armour.
You are very stealthy in the water. (Stealth+)
You are amphibious.
You can wear up to eight rings at the same time.
You can use your tentacles to constrict eight enemies at once.
Your skin changes colour to match your surroundings (Stealth+).
Your rubbery body absorbs attacks. (AC +1, EV +1)
Your life essence is reduced to manifest your ancestor. (-10% HP)


Message History

Marketa barely misses confidenceinterval's ghost.
Confidenceinterval's ghost shouts, "What do you have that I didn't have?"
Confidenceinterval's ghost is infused with unholy energy.
Confidenceinterval's ghost draws life force from you and is healed!
You slash confidenceinterval's ghost!
Confidenceinterval's ghost is severely damaged.
Marketa hits confidenceinterval's ghost!
Confidenceinterval's ghost hits you.
Marketa closely misses confidenceinterval's ghost.
You hit confidenceinterval's ghost.
Confidenceinterval's ghost is almost destroyed.
Confidenceinterval's ghost gestures at you while chanting.
Pain shoots through your body!
* * * LOW HITPOINT WARNING * * *
Marketa barely misses confidenceinterval's ghost.
Unknown command.
You slash confidenceinterval's ghost!
Confidenceinterval's ghost is almost destroyed.
Confidenceinterval's ghost is infused with unholy energy.
You die...

#####.#.......###
#.# #.......#######
#.# #.####..#
###.#### #.####..#
#......#
#####W##....#
#.#.##.#
..##........#######
#.#.##.#
#.##........#.....#
#.#..#.#
..##.###.#.##..WR.#
#.##.#.#
................@.#
#.##.#.#
..#...#.##.##.....#
#.>....#
#.#........##.....#
##.#####
..#.#.#.###########
#.# ###.#.#.# #.#
#.#.#.#### #.#
#.#...)..#######
#.#
#.###.##.#.....##
#.#
#.....##.#......#
#.#####


You could see the friendly Marketa the ancestor and confidenceinterval's ghost.

Vanquished Creatures
  Eustachio (D:5)
  Menkaure (D:5)
  A phantom (D:5)
  An ogre (D:6)
  2 bullfrogs (D:6)
  A howler monkey (D:5)
  A crimson imp (D:5)
  A bullfrog zombie (D:5)
  An orc priest (D:3)
  A hound (D:6)
  Terence (D:2)
  3 worker ants
  8 gnolls
  6 adders
  2 shadow imps (D:6)
  2 oozes
  An adder zombie (D:5)
  3 worms
  A leopard gecko (D:3)
  4 orcs (D:3)
  3 bats
  4 giant cockroaches
  8 goblins
  11 hobgoblins
  9 jackals
  A quokka (D:2)
  4 frilled lizards
  9 kobolds
  A leopard gecko zombie (D:5)
  6 rats
98 creatures vanquished.

Vanquished Creatures (collateral kills)
  A howler monkey (D:6)
  2 hounds (D:6)
  An orc wizard (D:6)
4 creatures vanquished.

Vanquished Creatures (others)
  An ancestor (D:6)
1 creature vanquished.

Grand Total: 103 creatures vanquished

Notes
Turn   | Place    | Note
-------+----------+-------------------------------------------
     0 | D:1      | tsouns the Octopode Fighter began the quest for the Orb.
     0 | D:1      | Reached XP level 1. HP: 16/16 MP: 1/1
    10 | D:1      | Reached XP level 2. HP: 15/21 MP: 2/2
   153 | D:1      | Reached XP level 3. HP: 21/26 MP: 3/3
   757 | D:2      | Noticed Terence
   768 | D:2      | Killed Terence
   768 | D:2      | Reached skill level 3 in Axes
   768 | D:2      | Reached XP level 4. HP: 15/31 MP: 4/4
  1391 | D:2      | Found a stormy altar of Qazlal.
  1463 | D:2      | Found a runed door.
  1583 | D:2      | Reached XP level 5. HP: 36/36 MP: 5/5
  1666 | D:3      | Found a glowing golden altar of the Shining One.
  1667 | D:3      | Found a runed door.
  1667 | D:3      | Noticed an angel
  1727 | D:3      | Learned a level 1 spell: Magic Dart
  1730 | D:3      | Learned a level 2 spell: Blink
  2131 | D:3      | Found a faded altar of an unknown god.
  2234 | D:4      | Reached skill level 4 in Axes
  2236 | D:4      | Reached XP level 6. HP: 25/43 MP: 6/6
  2465 | D:4      | Found Louremid's Magic Scroll Boutique.
  2479 | D:4      | Bought a scroll of blinking for 90 gold pieces
  2479 | D:4      | Bought a scroll of identify for 24 gold pieces
  2479 | D:4      | Bought a scroll of random uselessness for 12 gold pieces
  2578 | D:4      | Reached skill level 1 in Stealth
  2882 | D:4      | Found a radiant altar of Vehumet.
  2882 | D:4      | Found a basalt altar of Yredelemnul.
  3014 | D:5      | Entered Level 5 of the Dungeon
  3014 | D:5      | Noticed a phantom
  3052 | D:5      | Killed a phantom
  3230 | D:5      | Noticed Menkaure
  3283 | D:4      | Learned a level 2 spell: Call Imp
  3298 | D:5      | Reached XP level 7. HP: 36/48 MP: 7/7
  3498 | D:5      | Reached skill level 5 in Axes
  3532 | D:5      | Killed Menkaure
  3571 | D:5      | Found a hazy altar of Hepliaklqana.
  3637 | D:5      | Became a worshipper of Hepliaklqana the Forgotten
  3662 | D:5      | Noticed Eustachio
  3683 | D:5      | Killed Eustachio
  3847 | D:6      | Noticed confidenceinterval's ghost (novice DDNe)
  3864 | D:6      | HP: 2/44 [confidenceinterval's ghost (8)]
  4183 | D:6      | Reached skill level 6 in Axes
  4183 | D:6      | Reached XP level 8. HP: 26/48 MP: 8/8
  4398 | D:6      | Reached skill level 5 in Shields
  4563 | D:6      | Reached skill level 5 in Fighting
  4851 | D:6      | Reached * piety under Hepliaklqana
  4889 | D:6      | Killed from afar by confidenceinterval's ghost

Vault maps used:
D:1:      roderic_crossed_star, serial_bayou_pond_d
D:2:      kennysheep_big_flooded_room, lemuel_crystal_altar, uniq_terence,
          uniq_crazy_yiuf_cottage
D:3:      chequers_ecumenical_altar_twisty, lemuel_angel_altar
D:4:      amethyst_overflow_temple_binary, first_ration, minmay_shop_grid_forest
D:5:      nicolae_overflow_crystal_walls, uniq_menkaure, uniq_eustachio
D:6:      kennysheep_generic_room_16

Skill      XL: |  1  2  3  4  5  6  7  8 |
---------------+-------------------------+-----
Axes           | 3 4 6 |  6.7
Stealth        | 2 3 4 |  4.1
Fighting       | 4 5 |  5.1
Shields        | 4 5 |  5.1
Dodging        | 4 |  4.1
Throwing       | |  0.4
Evocations     | |  0.2

Action                   |  1- 3 |  4- 6 |  7- 9 || total
-------------------------+-------+-------+-------++-------
Melee: War axe           |    50 |   112 |    76 ||   238
       Constrict         |    12 |    21 |    18 ||    51
       Tentacles         |     8 |    21 |    19 ||    48
Throw: Stone             |       |     4 |       ||     4
Invok: Ancestor Identity |       |       |     1 ||     1
Evoke: Wand              |       |       |     1 ||     1
  Use: Scroll            |       |    12 |     3 ||    15
       Potion            |       |     2 |     4 ||     6
 Stab: Sleeping          |     6 |     5 |     3 ||    14
       Distracted        |       |     1 |       ||     1
       Paralysed         |       |       |     1 ||     1
  Eat: Chunk             |       |     6 |       ||     6
       Ration            |       |     1 |     1 ||     2
Armor: Skin              |     4 |    10 |     1 ||    15
Dodge: Dodged            |    11 |    45 |    19 ||    75
Block: Shield            |    17 |    59 |    31 ||   107

Table legend:
 A = Spawn XP
 B = Non-spawn XP
 C = Spawn XP percentage of total XP
 D = Spawn monster count
 E = Non-spawn monster count
 F = Spawn count percentage of total count
 G = Total turns spent on level
                    A         B        C        D         E        F      G
               +---------+---------+-------+---------+---------+-------+---------
         Total |       0 |    1704 |   0.0 |       0 |     102 |   0.0 |  4889
               +---------+---------+-------+---------+---------+-------+---------
           D:1 |       0 |      53 |   0.0 |       0 |      25 |   0.0 |   744
           D:2 |       0 |     112 |   0.0 |       0 |      18 |   0.0 |   914
           D:3 |       0 |     105 |   0.0 |       0 |      18 |   0.0 |   549
           D:4 |       0 |      99 |   0.0 |       0 |      10 |   0.0 |   831
           D:5 |       0 |     736 |   0.0 |       0 |      15 |   0.0 |   786
           D:6 |       0 |     599 |   0.0 |       0 |      16 |   0.0 |  1065
               +---------+---------+-------+---------+---------+-------+---------
